 Dungeon Crawl Stone Soup version 0.25.1-2-g60ff931df9 (webtiles) character file.

Game seed: 1786934008218770167

599 Martska the Covered (level 7, -3/62 HPs)
             Began as a Minotaur Fighter on Sept 26, 2020.
             Killed by nerve-wracking pain
             ... invoked by Grinder
              (13 damage)
             ... on level 4 of the Dungeon.
             The game lasted 00:05:46 (3124 turns).

Martska the Covered (Minotaur Fighter)              Turns: 3124, Time: 00:05:46

Health: -3/62      AC: 12    Str: 21    XL:     7   Next: 17%
Magic:  7/7        EV:  9    Int:  5    God:
Gold:   147        SH:  9    Dex: 11    Spells: 6/6 levels left

rFire    . . .     SeeInvis .   a - +0 war axe
rCold    . . .     Gourm    .   c - +0 kite shield
rNeg     . . .     Faith    .   b - +0 scale mail
rPois    .         Spirit   .   (helmet restricted)
rElec    .         Reflect  .   o - +0 cloak
rCorr    .         Harm     .   (no gloves)
MR       .....                  r - +2 pair of boots
Stlth    ..........             (no amulet)
HPRegen  0.20/turn              (no ring)
MPRegen  0.10/turn              (no ring)

@: no status effects
A: retaliatory headbutt, horns 2
a: no special abilities


You were on level 4 of the Dungeon.
You were not hungry.

You visited 2 branches of the dungeon, and saw 5 of its levels.

You collected 147 gold pieces.

Inventory:

Hand Weapons
 a - a +0 war axe (weapon)
Armour
 b - a +0 scale mail (worn)
 c - a +0 kite shield (worn)
 o - a +0 cloak (worn)
 r - a +2 pair of boots (worn)
Jewellery
 x - a +4 ring of slaying {unknown}
 z - an uncursed ring of stealth {unknown}
Wands
 v - a wand of disintegration (13)
Scrolls
 e - a scroll of noise {unknown}
 i - a scroll of blinking {unknown}
 k - a scroll of remove curse
 n - 4 scrolls of teleportation {unknown}
 q - 2 scrolls of magic mapping {unknown}
 s - a scroll of enchant armour {unknown}
 t - 3 scrolls of identify {unknown}
 u - a scroll of enchant weapon {unknown}
 w - a scroll of fear {unknown}
 y - a scroll of amnesia {unknown}
Potions
 g - a potion of haste {unknown}
 j - a potion of brilliance {unknown}
 l - 5 potions of heal wounds {unknown}
 m - 2 potions of mutation {unknown}
 p - 3 potions of stabbing {unknown}
 A - a potion of flight {unknown}
Comestibles
 d - 8 chunks of flesh
 f - 12 rations


   Skills:
 * Level 5.7 Fighting
 * Level 5.0 Axes
 * Level 5.7 Armour
 * Level 3.7 Dodging
 - Level 3.6 Shields
 * Level 1.5 Evocations


You had 6 spell levels left.
You didn't know any spells.
Your spell library was empty.

Dungeon Overview and Level Annotations

Branches:
Dungeon (4/15)             Temple (1/1) D:4

Altars:
Ashenzari
Cheibriados
Dithmenos
Elyvilon
Fedhas
Gozag
Hepliaklqana
Makhleb
Nemelex Xobeh
Okawaru
Qazlal
Ru
Sif Muna
Trog
Uskayaw
Vehumet
Wu Jian
Xom
Yredelemnul
Zin
The Shining One

Annotations:
D:4 Grinder


Innate Abilities, Weirdness & Mutations

You reflexively headbutt those who attack you in melee.
You have a pair of horns on your head.


Message History

You are too injured to fight recklessly!
You are too injured to fight recklessly!
Grinder blinks!
Grinder gestures at you. Pain shoots through your body!
Grinder closely misses you.
You barely miss Grinder.
Grinder is severely wounded.
Grinder completely misses you. You furiously retaliate!
You headbutt Grinder, but do no damage. You hit Grinder but do no damage.
Grinder is severely wounded.
Grinder gestures at you. Pain shoots through your body!
* * * LOW HITPOINT WARNING * * *
You barely miss Grinder. You headbutt Grinder, but do no damage.
Grinder is severely wounded.
Grinder gestures at you. Pain shoots through your body!
You die...

#### ##### ### ##...
#...#######.#####....
##...#).)....##.......
#........)..[.......##
#.....5..#.....##[....
##...@...#.##..#......
##..........#..#.##...
#.....###.............
##.................##.
##...##..........<###
#..###.............#
#.......##..........
##.......[.......>.#
....####..#.........#


You could see Grinder.

Vanquished Creatures
  2 ogres (D:4)
  A hound (D:2)
  Jessica (D:2)
  4 orc wizards
  2 worker ants (D:4)
  A hound skeleton (D:4)
  7 gnolls
  5 adders
  An ooze (D:3)
  4 dart slugs
  A leopard gecko (D:1)
  12 orcs
  4 giant cockroaches
  5 goblins
  9 hobgoblins
  3 jackals (D:4)
  2 quokkas (D:2)
  4 bats
  5 frilled lizards
  7 kobolds
  A quokka skeleton (D:4)
  3 rats (D:1)
84 creatures vanquished.

Notes
Turn   | Place    | Note
-------+----------+-------------------------------------------
     0 | D:1      | Martska the Minotaur Fighter began the quest for the Orb.
     0 | D:1      | Reached XP level 1. HP: 19/19 MP: 0/0
   153 | D:1      | Reached XP level 2. HP: 26/27 MP: 1/1
   299 | D:1      | Reached skill level 1 in Dodging
   731 | D:2      | Reached XP level 3. HP: 32/33 MP: 2/2
   867 | D:2      | Noticed Jessica
   877 | D:2      | Killed Jessica
   877 | D:2      | Reached XP level 4. HP: 31/40 MP: 3/3
  1507 | D:2      | Reached XP level 5. HP: 45/47 MP: 4/4
  1546 | D:2      | Found a burning altar of Makhleb.
  1916 | D:3      | Found an iron altar of Okawaru.
  1916 | D:3      | Found an opulent altar of Gozag.
  1916 | D:3      | Found a shattered altar of Ashenzari.
  1927 | D:3      | Reached skill level 5 in Armour
  1929 | D:3      | Reached skill level 5 in Fighting
  2241 | D:3      | Found a shimmering blue altar of Sif Muna.
  2249 | D:3      | Reached XP level 6. HP: 54/56 MP: 5/5
  2424 | D:4      | Found a staircase to the Ecumenical Temple.
  2523 | Temple   | Entered the Ecumenical Temple
  2771 | D:4      | Reached skill level 1 in Evocations
  2887 | D:4      | Reached XP level 7. HP: 52/61 MP: 6/6
  3075 | D:4      | Reached skill level 5 in Axes
  3093 | D:4      | Noticed Grinder
  3100 | D:4      | Paralysed by Grinder for 6 turns
  3124 | D:4      | Killed from afar by Grinder

Illustrated notes

Levels and vault maps discovered:
D:1:      co_arrival_square_in_a_square_in_a_square, layout_basic,
          roderic_lattice_a, minmay_tetromino_t4
D:2:      layout_loops_ring, makhleb_blood_cavern_becter, uniq_jessica
D:3:      layout_loops_ring, chequers_temple_overflow_statue_of_worship,
          first_ration, tgw_sif
D:4:      layout_cave_pools, minmay_temple_entry_arrows, uniq_grinder
Temple:   eino_narrow_crystal_temple

Skill      XL: |  1  2  3  4  5  6  7 |
---------------+----------------------+-----
Dodging        | 1 2 3 |  3.7
Fighting       | 4 5 |  5.7
Armour         | 4 5 |  5.7
Axes           | 3 4 5 |  5.0
Evocations     | 1 |  1.5
Shields        | |  3.6

Action                   |  1- 3 |  4- 6 |  7- 9 || total
-------------------------+-------+-------+-------++-------
Melee: War axe           |    55 |   123 |    29 ||   207
       Headbutt          |     5 |    24 |     6 ||    35
  Use: Scroll            |       |     1 |     1 ||     2
       Potion            |       |     1 |     2 ||     3
  Eat: Chunk             |       |     5 |     2 ||     7
Armor: Scale mail        |    39 |    56 |    15 ||   110
Dodge: Dodged            |    18 |    45 |     8 ||    71
Block: Kite shield       |    33 |    61 |    14 ||   108
